[Event "Titled Tuesday Blitz July 11 Late 2023"]
[White "Buchenau, Frank"]
[Black "Veiga, Jose Francisco R P Neves"]
[WhiteFideId "4604350"]
[BlackFideId "1930087"]
[WhiteElo "2402"]
[BlackElo "2610"]
[Result "1/2-1/2"]
[Round "4"]
[TimeControl "180+2"]
[Date "2023.07.11"]
[WhiteClock "0:00:04"]
[BlackClock "0:00:08"]
[Board "96"]

1. e4 Nc6 2. Nf3 d6 3. d4 Nf6 4. Nc3 g6 5. d5 Nb8 6. Be2 Bg7 7. Bg5 O-O 8. Qd2 c6 9. Bh6 Bg4 10. Bxg7 Kxg7 11. O-O Nbd7 12. Rfe1 Bxf3 13. Bxf3 Ne5 14. Be2 Qb6 15. a4 cxd5 16. exd5 Rac8 17. Ra3 Qa5 18. Rb3 Rc7 19. Rb5 Qa6 20. Rc5 Qb6 21. Rb5 Qa6 22. Rc5 Rxc5 23. Bxa6 bxa6 24. Qd4 Rfc8 25. f4 Rc4 26. Qe3 Neg4 27. Qf3 h5 28. Rxe7 Rb4 29. b3 Rd4 30. h3 Nh6 31. Ne4 Rxc2 32. Nxf6 Kxf6 33. Re2 Rc1+ 34. Kh2 Nf5 35. Qf2 Rdd1 36. g4 Rh1+ 37. Kg2 hxg4 38. hxg4 Nh4+ 39. Kg3 Rcg1+ 40. Qxg1 Rxg1+ 41. Kxh4 Rb1 42. Re3 Rd1 43. g5+ Kf5 44. Re7 Kxf4 45. Rxf7+ Ke5 46. Rxa7 Kxd5 47. Rxa6 Ke5 48. Kg4 Ke4 49. Ra8 Rg1+ 50. Kh3 Kf5 51. a5 Kxg5 52. Rf8 d5 53. a6 Ra1 54. Rd8 Rxa6 55. Rxd5+ Kf4 56. Rd4+ Ke5 57. Rc4 Kf5 58. Kg3 g5 59. Kf3 Ra3 60. Rc5+ Kg6 61. Rb5 Kh5 62. Kg3 Ra1 63. Rb8 Rd1 64. Kf3 Rd3+ 65. Ke4 Rd7 66. b4 Kg4 67. b5 Kg3 68. b6 g4 69. b7 Kg2 70. Rg8 Rxb7 71. Rxg4+ Kf2 72. Rf4+ Ke2 73. Rg4 Rb4+ 74. Kf5 Rb5+ 75. Kf4 Kf2 76. Rg5 Rb4+ 77. Kf5 Kf3 78. Rg8 Rb5+ 79. Ke6 Kf4 80. Kd6 Rf5 81. Re8 Rf6+ 82. Re6 Rf5 83. Re7 Rf6+ 84. Re6 Rxe6+ 85. Kxe6 1/2-1/2


[Site "https://www.chess.com"]

[Event "Titled Tuesday Blitz July 11 Late 2023"]
[White "Ambartsumova, Karina"]
[Black "Pesotskiy, Mikhail"]
[WhiteFideId "4166299"]
[BlackFideId "34164453"]
[WhiteElo "2609"]
[BlackElo "2390"]
[Result "1-0"]
[Round "4"]
[TimeControl "180+2"]
[Date "2023.07.11"]
[WhiteClock "0:00:07"]
[BlackClock "0:00:01"]
[Board "97"]

1. d4 Nf6 2. Nf3 e6 3. c4 Bb4+ 4. Nc3 b6 5. g3 Bb7 6. Bg2 O-O 7. O-O Ne4 8. Qc2 Bxc3 9. bxc3 f5 10. Ng5 Nd6 11. Bxb7 Nxb7 12. e4 h6 13. Nf3 fxe4 14. Qxe4 Nc6 15. Ba3 Nd6 16. Qd3 Qf6 17. Kg2 Qf5 18. Qe2 Rf7 19. Rae1 Qa5 20. Bxd6 cxd6 21. Qd2 Raf8 22. Re3 Ne7 23. Ne1 Qa4 24. Qe2 Rc8 25. d5 Nf5 26. Re4 Qa3 27. dxe6 dxe6 28. Rxe6 Qxc3 29. Re8+ Rxe8 30. Qxe8+ Rf8 31. Qe6+ Kh8 32. Qe4 Nd4 33. Nd3 Qxc4 34. Nf4 Rxf4 35. Qxf4 Qd5+ 36. f3 Qxa2+ 37. Rf2 Qc4 38. Rd2 1-0


[Site "https://www.chess.com"]

[Event "Titled Tuesday Blitz July 11 Late 2023"]
[White "Prydun, Andriy"]
[Black "Garcia Ramos, Daniel"]
[WhiteFideId "14145898"]
[BlackFideId "32010311"]
[WhiteElo "2387"]
[BlackElo "2608"]
[Result "0-1"]
[Round "4"]
[TimeControl "180+2"]
[Date "2023.07.11"]
[WhiteClock "0:00:06"]
[BlackClock "0:00:25"]
[Board "98"]

1. d4 c5 2. dxc5 e6 3. e4 Bxc5 4. Nd2 Nf6 5. e5 Nd5 6. Ne4 Be7 7. c4 Nb4 8. Nf3 O-O 9. a3 N4c6 10. b4 f6 11. Bb2 fxe5 12. b5 Nd4 13. Nxe5 Nf5 14. Bd3 d5 15. Ng3 Qa5+ 16. Ke2 dxc4 17. Bxc4 Nd6 18. Bd3 Nxb5 19. Qc2 Rf6 20. Bxh7+ Kf8 21. Bd3 Nc6 22. Nxc6 bxc6 23. Qxc6 Rb8 24. Bxf6 Bxf6 25. Ne4 Nd4+ 26. Ke3 Nxc6 0-1


[Site "https://www.chess.com"]

[Event "Titled Tuesday Blitz July 11 Late 2023"]
[White "Grinev, Valeriy"]
[Black "Stachanczyk, Jacek"]
[WhiteFideId "14117517"]
[BlackFideId "1116657"]
[WhiteElo "2590"]
[BlackElo "2363"]
[Result "0-1"]
[Round "4"]
[TimeControl "180+2"]
[Date "2023.07.11"]
[WhiteClock "0:01:30"]
[BlackClock "0:01:04"]
[Board "99"]

1. e4 c5 2. Nf3 d6 3. Bb5+ Bd7 4. a4 Nf6 5. Nc3 Nc6 6. O-O e5 7. Re1 Be7 8. h3 O-O 9. d3 h6 10. b3 Rc8 11. Bxc6 Bxc6 12. Nh2 Re8 13. f4 exf4 14. Bxf4 Nd7 15. Qg4 Bf6 16. Bd2 Ne5 17. Qe2 d5 18. Ng4 Nxg4 19. Qxg4 dxe4 20. Nxe4 Bxe4 21. Rxe4 Rxe4 22. dxe4 Bxa1 23. c3 Rc6 24. Be1 Qf6 25. e5 Qxe5 26. Bg3 Qxc3 27. Kh2 Qf6 28. Qd7 Be5 29. Qe8+ Kh7 30. Bxe5 Re6 31. Bxf6 Rxe8 32. Bc3 Re3 33. Bd2 Rxb3 34. a5 c4 35. Kg1 c3 36. Bf4 Rb1+ 37. Kf2 c2 38. Ke2 c1=Q 39. Bxc1 Rxc1 40. Kd2 Ra1 41. Kc3 Rxa5 42. Kb4 b6 43. g4 Kg6 44. h4 Kf6 45. h5 Kg5 0-1


[Site "https://www.chess.com"]

[Event "Titled Tuesday Blitz July 11 Late 2023"]
[White "Rottenwohrer Suarez, Juan"]
[Black "Fajdetic, Hrvoje"]
[WhiteFideId "32068182"]
[BlackFideId "14501945"]
[WhiteElo "2538"]
[BlackElo "2338"]
[Result "1-0"]
[Round "4"]
[TimeControl "180+2"]
[Date "2023.07.11"]
[WhiteClock "0:00:04"]
[BlackClock "0:00:07"]
[Board "100"]

1. c4 c5 2. Nf3 Nc6 3. Nc3 g6 4. g3 Bg7 5. Bg2 e6 6. O-O Nge7 7. e3 d5 8. cxd5 exd5 9. d4 cxd4 10. Nxd4 Nxd4 11. exd4 O-O 12. Bg5 f6 13. Bf4 Be6 14. Re1 Bf7 15. Qb3 Qd7 16. Rad1 Rad8 17. h4 Nc6 18. Kh2 h6 19. Be3 Na5 20. Qb5 Nc4 21. b3 Nxe3 22. Rxe3 Qxb5 23. Nxb5 a6 24. Nc3 f5 25. Re7 b5 26. Ra7 Rd6 27. Ne2 g5 28. Rc1 Re8 29. Rcc7 Rxe2 30. Rxf7 Bf8 31. hxg5 hxg5 32. Rxf5 Bg7 33. Bxd5+ Kh8 34. Kg2 Bxd4 35. Rf8# 1-0


[Site "https://www.chess.com"]

[Event "Titled Tuesday Blitz July 11 Late 2023"]
[White "kiwibobo"]
[Black "Santos Flores, Alberto"]
[BlackFideId "3601234"]
[WhiteElo "2333"]
[BlackElo "2516"]
[Result "0-1"]
[Round "4"]
[TimeControl "180+2"]
[Date "2023.07.11"]
[WhiteClock "0:00:08"]
[BlackClock "0:00:31"]
[Board "101"]

1. e4 c5 2. Nf3 Nc6 3. d4 cxd4 4. Nxd4 g6 5. Nc3 Bg7 6. Be3 Nf6 7. Nxc6 bxc6 8. e5 Ng8 9. Bd4 f6 10. f4 Qa5 11. Qe2 fxe5 12. Bxe5 Nf6 13. O-O-O d5 14. Bd4 e6 15. g3 O-O 16. Bh3 Re8 17. Be5 Qb4 18. Qd2 Bd7 19. Qd4 Qxd4 20. Bxd4 Kf7 21. Rhe1 Rec8 22. Na4 Ne4 23. Bxg7 Nf2 24. Be5 Nxh3 25. Nc5 Ke7 26. Bd4 Rab8 27. Re3 Nf2 28. Rde1 Ne4 29. Nxe4 dxe4 30. Rxe4 a6 31. Bc5+ Ke8 32. Bd6 Rb5 33. Be5 c5 34. Rd1 Bc6 35. Re3 Bd5 36. b3 c4 37. Rc3 Kd7 38. Rd4 cxb3 39. Rxc8 b2+ 40. Kd2 Kxc8 41. Rxd5 Rxd5+ 0-1


[Site "https://www.chess.com"]

[Event "Titled Tuesday Blitz July 11 Late 2023"]
[White "Cooper, Aaron"]
[Black "Rakitic2010"]
[WhiteFideId "2634945"]
[WhiteElo "2237"]
[BlackElo "2514"]
[Result "1-0"]
[Round "4"]
[TimeControl "180+2"]
[Date "2023.07.11"]
[WhiteClock "0:00:10"]
[BlackClock "0:00:00"]
[Board "102"]

1. b4 Nf6 2. Bb2 e6 3. b5 Be7 4. Nf3 O-O 5. e3 d5 6. c4 a6 7. a4 axb5 8. axb5 Rxa1 9. Bxa1 c6 10. d4 dxc4 11. Bxc4 c5 12. O-O Nbd7 13. Nc3 Nb6 14. Bd3 c4 15. Bc2 Bd7 16. Bb2 Qc7 17. e4 Ra8 18. Qb1 Ra5 19. e5 Nfd5 20. Bxh7+ Kh8 21. Ne4 c3 22. Neg5 c2 23. Bxc2 Be8 24. Be4 Qd8 25. h4 g6 26. Qc1 Rxb5 27. Nxe6 fxe6 28. Qh6+ Kg8 29. Bxg6 Bxg6 30. Qxg6+ Kf8 31. Bc1 Bxh4 32. Bh6+ Ke7 33. Nxh4 Kd7 34. Bg5 Qe8 35. Qg7+ Kc8 36. Rc1+ Kb8 37. Nf3 Rb2 38. Bd2 Qa4 39. Qf8+ Ka7 40. Qc5 Rb5 41. Qc2 Qxc2 42. Rxc2 Rb1+ 43. Kh2 Ra1 44. g4 Nd7 45. g5 Nf8 46. Nh4 Ra4 47. Be3 Ne7 48. Rc7 Nfg6 49. Nxg6 Nxg6 50. Rg7 Nh4 51. d5+ Ka6 52. dxe6 Nf3+ 53. Kg3 Nh4 54. Rf7 Kb5 55. e7 Ra8 56. Rf8 Nf5+ 57. Rxf5 Re8 58. g6 Rxe7 59. Rg5 Rg7 60. e6+ Kc6 61. Bd4 Rg8 62. g7 Kd6 63. Rf5 Kxe6 64. Rf8 Rxg7+ 65. Bxg7 1-0


[Site "https://www.chess.com"]

[Event "Titled Tuesday Blitz July 11 Late 2023"]
[White "Morefield, Jason"]
[Black "Haitin, Ilja"]
[WhiteFideId "30920825"]
[BlackFideId "4501764"]
[WhiteElo "2775"]
[BlackElo "2415"]
[Result "1-0"]
[Round "4"]
[TimeControl "180+2"]
[Date "2023.07.11"]
[WhiteClock "0:01:18"]
[BlackClock "0:00:00"]
[Board "103"]

1. a3 e5 2. Nc3 d5 3. e4 d4 4. Nce2 c5 5. Ng3 Nc6 6. Bc4 Bd6 7. Nf3 Nge7 8. d3 h5 9. Ng5 Be6 10. Bxe6 fxe6 11. Nxe6 Qa5+ 12. Bd2 Qb6 13. Nxg7+ Kd7 14. N3xh5 Rag8 15. Nf6+ Kc7 16. Ne6+ Kc8 17. Nxg8 Rxg8 18. O-O Qxb2 19. f4 exf4 20. Bxf4 Bxf4 21. Nxf4 Ne5 22. Nd5 Nxd5 23. exd5 Qb6 24. Qe2 Qg6 25. Rae1 b6 26. Qe4 Qg7 27. d6 Nd7 28. Qa8+ Nb8 29. Re7 Qxg2+ 30. Qxg2 1-0


[Site "https://www.chess.com"]

[Event "Titled Tuesday Blitz July 11 Late 2023"]
[White "Ncatt"]
[Black "Gareyev, Timur"]
[BlackFideId "14200937"]
[WhiteElo "2415"]
[BlackElo "2769"]
[Result "0-1"]
[Round "4"]
[TimeControl "180+2"]
[Date "2023.07.11"]
[WhiteClock "0:00:14"]
[BlackClock "0:00:16"]
[Board "104"]

1. e4 c5 2. Nf3 g6 3. d4 cxd4 4. Nxd4 Nc6 5. Nc3 Bg7 6. Be3 Qa5 7. Bc4 Qb4 8. Nxc6 Bxc3+ 9. bxc3 Qxc3+ 10. Bd2 Qxc4 11. Na5 Qxe4+ 12. Kf1 b6 13. Bc3 Nf6 14. Bxf6 exf6 15. f3 Qe5 16. Nc4 Ba6 17. Kf2 Qc5+ 18. Ne3 O-O 19. Qxd7 Rad8 20. Qxa7 Rd2+ 21. Kg3 Qe5+ 22. Kh3 Bc8+ 23. Ng4 h5 24. Qa4 hxg4+ 25. fxg4 Kg7 26. Rae1 Rh8# 0-1


[Site "https://www.chess.com"]

[Event "Titled Tuesday Blitz July 11 Late 2023"]
[White "Khanin, Semen"]
[Black "Melikhov, Evgeny V."]
[WhiteFideId "4111990"]
[BlackFideId "4122046"]
[WhiteElo "2754"]
[BlackElo "2411"]
[Result "1-0"]
[Round "4"]
[TimeControl "180+2"]
[Date "2023.07.11"]
[WhiteClock "0:00:30"]
[BlackClock "0:00:03"]
[Board "105"]

1. c4 e6 2. Nc3 d5 3. d4 Bb4 4. a3 Bxc3+ 5. bxc3 Nf6 6. e3 c6 7. Bd3 O-O 8. Ne2 b6 9. cxd5 cxd5 10. c4 dxc4 11. Bxc4 Ba6 12. Bxa6 Nxa6 13. O-O Nc7 14. Qd3 Qc8 15. e4 Qa6 16. Qe3 Rac8 17. Bb2 Ncd5 18. exd5 Nxd5 19. Qd2 Rc4 20. Rac1 Rfc8 21. Rxc4 Rxc4 22. h4 Qa4 23. Rc1 h6 24. h5 Qb3 25. Ng3 Rxc1+ 26. Qxc1 Qd3 27. a4 a6 28. Ba3 b5 29. axb5 axb5 30. Bd6 Qxd4 31. Qc8+ Kh7 32. Qb7 Nf4 33. Bxf4 Qxf4 34. Qxb5 e5 35. Qd5 f6 36. Qe4+ Qxe4 37. Nxe4 Kg8 38. g4 Kf7 39. Ng3 g6 40. f3 f5 41. hxg6+ Kxg6 42. Nxf5 h5 43. Ne3 hxg4 44. Nxg4 Kf5 45. Nf2 Kf4 46. Kg2 Ke3 47. Kg3 Kd4 48. Kg4 Ke3 49. Ne4 Kd4 50. Ng5 Ke3 51. Kf5 Kd4 52. Ke6 Ke3 53. Kxe5 1-0


[Site "https://www.chess.com"]

[Event "Titled Tuesday Blitz July 11 Late 2023"]
[White "Lalanne, Pablo"]
[Black "Rozman, Levy"]
[WhiteFideId "112151"]
[BlackFideId "2039877"]
[WhiteElo "2409"]
[BlackElo "2747"]
[Result "0-1"]
[Round "4"]
[TimeControl "180+2"]
[Date "2023.07.11"]
[WhiteClock "0:00:07"]
[BlackClock "0:00:54"]
[Board "106"]

1. e4 c6 2. d4 d5 3. Nd2 dxe4 4. Nxe4 Bf5 5. Ng3 Bg6 6. h4 h6 7. Nf3 e6 8. Ne5 Bh7 9. Bd3 Bxd3 10. Qxd3 Nd7 11. f4 Be7 12. h5 Ngf6 13. Bd2 Nxe5 14. fxe5 Nd5 15. O-O O-O 16. a3 c5 17. c4 Nb6 18. Bc3 cxd4 19. Bxd4 Bc5 20. Rad1 Qc7 21. b3 Qxe5 22. Bxc5 Qxc5+ 23. Kh2 f5 24. Qe2 Rae8 25. a4 Nc8 26. Rd7 Re7 27. Rfd1 Rff7 28. Rd8+ Kh7 29. Qd3 a5 30. Re1 Qc7 31. Kh1 Rd7 32. Rxd7 Rxd7 33. Qe2 Qxg3 34. Qxe6 Ne7 35. Qxd7 Qxe1+ 36. Kh2 Qe5+ 37. Kh1 Qe4 38. Qb5 Nc6 39. Qxb7 Nd4 40. Qf7 f4 41. c5 Ne2 42. Qg6+ Qxg6 43. hxg6+ Kxg6 44. c6 Ng3+ 45. Kg1 Ne4 46. c7 Nd6 47. Kf2 Kf5 48. b4 axb4 49. a5 b3 50. a6 Nc8 51. a7 Nxa7 0-1


[Site "https://www.chess.com"]

[Event "Titled Tuesday Blitz July 11 Late 2023"]
[White "Nasuta, Grzegorz"]
[Black "Nikologorsky, Matfei"]
[WhiteFideId "1141686"]
[BlackFideId "24102474"]
[WhiteElo "2728"]
[BlackElo "2409"]
[Result "1-0"]
[Round "4"]
[TimeControl "180+2"]
[Date "2023.07.11"]
[WhiteClock "0:00:15"]
[BlackClock "0:00:01"]
[Board "107"]

1. e4 c5 2. Nf3 e6 3. d4 cxd4 4. Nxd4 a6 5. c4 Qc7 6. Nc3 Nf6 7. a3 b6 8. Be3 Bb7 9. f3 d6 10. Be2 Nbd7 11. Rc1 Be7 12. O-O Rc8 13. Qd2 Qb8 14. Rfd1 O-O 15. b4 Rfe8 16. Kh1 h5 17. Bf1 d5 18. exd5 exd5 19. Nf5 dxc4 20. Bf4 Qa8 21. Bd6 Bd8 22. Re1 Bxf3 23. Qg5 g6 24. Qh6 gxf5 25. gxf3 Qxf3+ 26. Bg2 Rxe1+ 27. Rxe1 Qxc3 28. Rg1 Ng4 29. Bd5 Qg7 30. Qxg7+ Kxg7 31. h3 Nf6 32. Bb7 Bc7 33. Bxc8 Bxd6 34. Bxf5 Kh6 35. hxg4 hxg4 36. Bxg4 Nxg4 37. Rxg4 b5 38. Kg2 f5 39. Rd4 Be5 40. Rd5 Bb2 41. Rd6+ Kg5 42. Rxa6 c3 43. Rc6 Kf4 44. a4 bxa4 45. b5 a3 46. b6 a2 47. b7 a1=Q 48. b8=Q+ Ke3 49. Qg3+ Kd2 50. Rd6+ Kc2 51. Qf2+ Kb3 52. Rb6+ Kc4 53. Qe2+ Kc5 54. Qb5+ Kd4 55. Rd6+ Ke4 56. Qd3+ Ke5 57. Qd4# 1-0


[Site "https://www.chess.com"]

[Event "Titled Tuesday Blitz July 11 Late 2023"]
[White "Lopez Gracia, Fernando"]
[Black "Volovich, Vasily"]
[WhiteFideId "2207184"]
[BlackFideId "34169676"]
[WhiteElo "2407"]
[BlackElo "2622"]
[Result "1-0"]
[Round "4"]
[TimeControl "180+2"]
[Date "2023.07.11"]
[WhiteClock "0:00:06"]
[BlackClock "0:00:00"]
[Board "108"]

1. e4 e6 2. d4 d5 3. Nd2 c5 4. Ngf3 cxd4 5. Nxd4 Nf6 6. exd5 Nxd5 7. N2f3 Bb4+ 8. c3 Nxc3 9. bxc3 Bxc3+ 10. Bd2 Bxd4 11. Bb5+ Nc6 12. Rc1 O-O 13. O-O Bf6 14. Qe2 a6 15. Bd3 e5 16. Rfd1 Qe7 17. Qe4 g6 18. Rxc6 bxc6 19. Bb4 c5 20. Bxc5 Qxc5 21. Qxa8 Bf5 22. Qxa6 Bxd3 23. Qxd3 Ra8 24. Qb3 e4 25. Nd2 Re8 26. Qa4 Qe5 27. Re1 Kg7 28. Qxe4 Qxe4 29. Rxe4 Rd8 30. Re2 Bc3 31. Nf1 Rd1 32. g3 f5 33. Kg2 Bd4 34. Ne3 Ra1 35. Kf3 Rc1 36. h4 Rc3 37. Rd2 Bc5 38. Rd7+ Kh6 39. Rd2 Ra3 40. Rc2 Bd4 41. Kf4 Bxe3+ 42. fxe3 Ra4+ 43. Kf3 Kh5 44. Rb2 h6 45. Rd2 Rb4 46. a3 1-0


[Site "https://www.chess.com"]

[Event "Titled Tuesday Blitz July 11 Late 2023"]
[White "Guzman Moneo, Alberto"]
[Black "Ozdemir, Serhan Berat"]
[WhiteFideId "2209616"]
[BlackFideId "6374611"]
[WhiteElo "2404"]
[BlackElo "2612"]
[Result "1/2-1/2"]
[Round "4"]
[TimeControl "180+2"]
[Date "2023.07.11"]
[WhiteClock "0:00:08"]
[BlackClock "0:00:06"]
[Board "109"]

1. e4 c5 2. Nc3 e6 3. Nge2 d5 4. g3 dxe4 5. Nxe4 Be7 6. Bg2 Nf6 7. d4 Nxe4 8. Bxe4 Nc6 9. Be3 Qb6 10. O-O O-O 11. dxc5 Bxc5 12. Bxc5 Qxc5 13. Qd2 Rd8 14. Qc3 Qe7 15. Rad1 Bd7 16. Qd3 g6 17. Qd6 Qxd6 18. Rxd6 Be8 19. Rfd1 Rxd6 20. Rxd6 Kf8 21. c3 Ke7 22. Rd1 f5 23. Bc2 e5 24. Ba4 Bf7 25. a3 a6 26. Bxc6 bxc6 27. f4 Bc4 28. Re1 Bxe2 29. Rxe2 e4 30. Rd2 a5 31. Kf2 a4 32. Ke3 Rd8 33. Rc2 Rd3+ 34. Ke2 Kd6 35. Rc1 Kc5 36. Rg1 Kc4 37. g4 Rh3 38. gxf5 gxf5 39. Rg5 Rxh2+ 40. Ke3 Rh3+ 41. Ke2 Kb3 42. Rxf5 Kxb2 43. Rc5 Rf3 44. Rxc6 Rxf4 45. Ke3 Rg4 46. c4 Kxa3 47. Rb6 h5 48. c5 h4 49. c6 Rg3+ 50. Kd4 Rd3+ 51. Kxe4 Rc3 52. Kd4 Rc1 53. Rb8 Rxc6 54. Rh8 Rb6 55. Kc5 Rb4 56. Rh6 Rg4 57. Kd5 Kb3 58. Rb6+ Ka2 59. Rb4 a3 60. Rxg4 Kb2 61. Rb4+ Kc3 62. Rxh4 a2 63. Rh1 Kb2 64. Rh2+ Kb1 65. Rh1+ Kb2 66. Rh2+ Ka3 67. Rh1 Kb2 1/2-1/2


[Site "https://www.chess.com"]

[Event "Titled Tuesday Blitz July 11 Late 2023"]
[White "HamedWafa4"]
[Black "Miguelitro69"]
[WhiteElo "2586"]
[BlackElo "2399"]
[Result "0-1"]
[Round "4"]
[TimeControl "180+2"]
[Date "2023.07.11"]
[WhiteClock "0:01:33"]
[BlackClock "0:01:05"]
[Board "110"]

1. e4 c5 2. Nf3 Nc6 3. Nc3 g6 4. d4 cxd4 5. Nxd4 Bg7 6. Be3 Nf6 7. Bc4 O-O 8. Bb3 d6 9. h3 Bd7 10. O-O a5 11. f3 a4 12. Bc4 Qa5 13. Qd2 Rfc8 14. a3 Ne5 15. Be2 Nc4 16. Bd3 Nxd2 17. Bxd2 Nh5 18. Nde2 e6 19. g4 Nf6 20. Rad1 Qb6+ 21. Kg2 d5 22. e5 Ne8 23. f4 d4 24. Ne4 Bc6 25. Kg3 Bxe4 26. Bxe4 Nc7 27. Bb4 Nb5 28. Bd3 Bf8 29. Bd2 Nc7 30. Bc1 Nd5 31. f5 Ne3 32. Bxe3 dxe3 33. Nf4 exf5 34. gxf5 Qc5 35. e6 Bd6 36. exf7+ Kh8 37. fxg6 Qg5+ 38. Kf3 Qxf4+ 39. Ke2 Qh2+ 40. Kxe3 hxg6 41. Rf3 Bc5+ 42. Ke4 Rd8 43. c3 Ra6 44. Rf4 Re6+ 45. Kf3 Qxh3# 0-1


[Site "https://www.chess.com"]

[Event "Titled Tuesday Blitz July 11 Late 2023"]
[White "Lizak, Peter"]
[Black "Toktomushev, Teimur"]
[WhiteFideId "731595"]
[BlackFideId "14176726"]
[WhiteElo "2581"]
[BlackElo "2397"]
[Result "1-0"]
[Round "4"]
[TimeControl "180+2"]
[Date "2023.07.11"]
[WhiteClock "0:01:14"]
[BlackClock "0:00:00"]
[Board "111"]

1. d4 d5 2. Nc3 Nf6 3. Bf4 a6 4. e3 c5 5. dxc5 Nc6 6. Nf3 Bg4 7. Be2 e6 8. Na4 Bxc5 9. Nxc5 Qa5+ 10. c3 Qxc5 11. Qb3 O-O 12. h3 Bxf3 13. Bxf3 b5 14. O-O h6 15. a4 Na5 16. Qa3 Qxa3 17. Rxa3 Nc4 18. Ra2 bxa4 19. Be2 e5 20. Bh2 Nd7 21. Bxc4 dxc4 22. Rxa4 Rfc8 23. Rd1 Rc7 24. Rd6 f6 25. Rdxa6 Rxa6 26. Rxa6 Nc5 27. Ra8+ Kf7 28. f4 Nd3 29. fxe5 fxe5 30. Rb8 Ke6 31. e4 Ra7 32. Rb6+ Ke7 33. Bg3 Ra1+ 34. Kh2 Ra2 35. b4 cxb3 36. Rxb3 Rc2 37. Rb7+ Kf6 38. Rc7 Nc1 39. Rc6+ 1-0


[Site "https://www.chess.com"]

[Event "Titled Tuesday Blitz July 11 Late 2023"]
[White "Zubarev, Alexander"]
[Black "Campos, Maria Jose"]
[WhiteFideId "14104385"]
[BlackFideId "146803"]
[WhiteElo "2559"]
[BlackElo "2395"]
[Result "1-0"]
[Round "4"]
[TimeControl "180+2"]
[Date "2023.07.11"]
[WhiteClock "0:00:47"]
[BlackClock "0:01:16"]
[Board "112"]

1. Nf3 Nf6 2. c4 e6 3. d4 d5 4. Nc3 dxc4 5. Qa4+ c6 6. Qxc4 b5 7. Qd3 Nbd7 8. Bg5 Bb7 9. e4 h6 10. Bh4 Qa5 11. Nd2 a6 12. e5 Nd5 13. Nxd5 cxd5 14. Be2 Bb4 15. a3 Rc8 16. Rd1 Bxd2+ 17. Qxd2 Qxd2+ 18. Kxd2 Nb6 19. b3 Kd7 20. Rc1 Bc6 21. Rc5 Rc7 22. Rhc1 Rhc8 23. f4 Bb7 24. g4 Rc6 25. f5 R8c7 26. fxe6+ fxe6 27. Rf1 Rxc5 28. dxc5 Nc8 29. b4 Ke8 30. g5 Ne7 31. gxh6 gxh6 32. Bh5+ Kd8 33. Rf8+ Kd7 34. Be8+ 1-0


[Site "https://www.chess.com"]

[Event "Titled Tuesday Blitz July 11 Late 2023"]
[White "Kirillov, Dmitry"]
[Black "dodoucb"]
[WhiteFideId "34180572"]
[WhiteElo "2555"]
[BlackElo "2394"]
[Result "0-1"]
[Round "4"]
[TimeControl "180+2"]
[Date "2023.07.11"]
[WhiteClock "0:00:01"]
[BlackClock "0:00:05"]
[Board "113"]

1. d4 Nf6 2. Bg5 Ne4 3. Bh4 c5 4. f3 Nf6 5. Bxf6 exf6 6. d5 Bd6 7. e4 f5 8. g3 O-O 9. Bg2 Qf6 10. Nc3 a6 11. a4 Be5 12. Nge2 d6 13. O-O fxe4 14. Nxe4 Qh6 15. c3 f5 16. Nd2 Nd7 17. f4 Bf6 18. Nc4 Bd8 19. a5 Nf6 20. h3 Ne4 21. Kh2 Bd7 22. Qc2 Re8 23. Rfe1 Bb5 24. b3 Nf2 25. Ng1 Ng4+ 26. Kh1 Bxc4 27. bxc4 Bf6 28. Qxf5 Ne3 29. Qd3 Nxg2 30. Kxg2 Qh5 31. Nf3 h6 32. g4 Qf7 33. f5 Rxe1 34. Rxe1 Re8 35. Re6 Rd8 36. Qb1 Qc7 37. Qa1 b6 38. axb6 Qxb6 39. h4 Rf8 40. g5 Bd8 41. Rg6 hxg5 42. hxg5 Rxf5 43. Qe1 Qb2+ 44. Kg3 Rf8 45. Qe6+ Kh7 46. Qxd6 Qb1 47. Rh6+ gxh6 48. Qxh6+ Kg8 49. Qg6+ Qxg6 50. Kg4 Bc7 51. Nh4 Qe4+ 52. Kh5 Qh7+ 53. Kg4 Rf4+ 54. Kg3 Qxh4+ 55. Kg2 Rf2+ 0-1


[Site "https://www.chess.com"]

[Event "Titled Tuesday Blitz July 11 Late 2023"]
[White "Cooklev, Steven"]
[Black "Boldoo, Erdenepurev"]
[WhiteFideId "2050552"]
[BlackFideId "4901037"]
[WhiteElo "2392"]
[BlackElo "2555"]
[Result "0-1"]
[Round "4"]
[TimeControl "180+2"]
[Date "2023.07.11"]
[WhiteClock "0:00:00"]
[BlackClock "0:00:45"]
[Board "114"]

1. e4 e6 2. d4 d5 3. Nd2 c5 4. Ngf3 Nc6 5. exd5 exd5 6. Bb5 Qe7+ 7. Be2 Qc7 8. O-O Nf6 9. Re1 Be6 10. Ng5 Nxd4 11. Nxe6 fxe6 12. Bh5+ g6 13. c3 Nc6 14. Rxe6+ Kf7 15. Bg4 h5 16. Bh3 Ng4 17. Bxg4 hxg4 18. Qxg4 Qxh2+ 19. Kf1 Ne5 20. Rxe5 Qxe5 21. g3 Be7 22. Nf3 Qf5 23. Qxf5+ gxf5 24. Bf4 Bf6 25. Rd1 Rh1+ 26. Ng1 d4 27. cxd4 Bxd4 28. b4 Rd8 29. bxc5 Rxg1+ 0-1


[Site "https://www.chess.com"]

[Event "Titled Tuesday Blitz July 11 Late 2023"]
[White "Karttunen, Mika"]
[Black "EsmeraldasAnderson03"]
[WhiteFideId "502081"]
[WhiteElo "2554"]
[BlackElo "2391"]
[Result "1-0"]
[Round "4"]
[TimeControl "180+2"]
[Date "2023.07.11"]
[WhiteClock "0:00:15"]
[BlackClock "0:00:00"]
[Board "115"]

1. e4 c5 2. Nf3 d6 3. d4 cxd4 4. Nxd4 Nf6 5. Nc3 a6 6. f3 e5 7. Nb3 Be6 8. Be3 Be7 9. Qd2 O-O 10. O-O-O b5 11. g4 b4 12. Na4 Nbd7 13. h4 a5 14. h5 Nc5 15. Nbxc5 dxc5 16. Qxd8 Rfxd8 17. Rxd8+ Rxd8 18. Bxc5 Bxc5 19. Nxc5 Bxa2 20. Nb7 Ra8 21. b3 a4 22. Kb2 axb3 23. cxb3 Nd7 24. Bb5 Nb6 25. Rd1 Kf8 26. Rd8+ Rxd8 27. Nxd8 Bxb3 28. Kxb3 Ke7 29. Nc6+ Kd6 30. Nxb4 Kc5 31. Be8 Kd4 32. Nc2+ Kd3 33. Bb5+ Kd2 34. Kb2 1-0


[Site "https://www.chess.com"]

[Event "Titled Tuesday Blitz July 11 Late 2023"]
[White "Castella Garcia, Fausto"]
[Black "ArtemDyachuk"]
[WhiteFideId "3501922"]
[WhiteElo "2388"]
[BlackElo "2553"]
[Result "1-0"]
[Round "4"]
[TimeControl "180+2"]
[Date "2023.07.11"]
[WhiteClock "0:00:29"]
[BlackClock "0:00:00"]
[Board "116"]

1. e4 c5 2. Nf3 Nc6 3. Bb5 g6 4. c3 Nf6 5. e5 Nd5 6. d4 cxd4 7. Qb3 Nc7 8. Bc4 e6 9. Bg5 Be7 10. Bxe7 Qxe7 11. cxd4 Na5 12. Qc3 Nxc4 13. Qxc4 Nd5 14. Nc3 Nxc3 15. bxc3 O-O 16. h4 b6 17. h5 Bb7 18. Qe2 Rac8 19. Qe3 Bxf3 20. gxf3 Qa3 21. Rc1 Qa4 22. Qh6 Qa3 23. hxg6 Qxc1+ 24. Qxc1 fxg6 25. Qe3 Rc4 26. Qh6 Rf7 27. Kd2 Ra4 28. Qh4 Rxa2+ 29. Kd3 Rxf3+ 30. Ke4 Rf7 31. Rh2 Rb2 32. f4 Rxh2 33. Qxh2 Rf5 34. c4 Kg7 35. d5 h5 36. Qd2 exd5+ 37. cxd5 a5 38. e6 Kf8 39. exd7 Ke7 40. Qg2 Rf6 41. Qg5 1-0


[Site "https://www.chess.com"]

[Event "Titled Tuesday Blitz July 11 Late 2023"]
[White "micke12a"]
[Black "Kochiev, Ivan"]
[BlackFideId "2917890"]
[WhiteElo "2387"]
[BlackElo "2545"]
[Result "0-1"]
[Round "4"]
[TimeControl "180+2"]
[Date "2023.07.11"]
[WhiteClock "0:01:17"]
[BlackClock "0:01:14"]
[Board "117"]

1. e4 e5 2. Nf3 Nf6 3. Nxe5 Nc6 4. Nxc6 dxc6 5. d3 Bc5 6. Be2 h5 7. h3 Qd4 8. O-O Qd6 9. Be3 Bxe3 10. fxe3 Bxh3 11. gxh3 Qg3+ 12. Kh1 Qxh3+ 13. Kg1 Rh6 14. Bf3 Ng4 15. Bxg4 Qg3+ 16. Kh1 hxg4# 0-1


[Site "https://www.chess.com"]

[Event "Titled Tuesday Blitz July 11 Late 2023"]
[White "Davidson, Kevin"]
[Black "Bobkov, Vadim"]
[WhiteFideId "2056810"]
[BlackFideId "34110876"]
[WhiteElo "2376"]
[BlackElo "2539"]
[Result "0-1"]
[Round "4"]
[TimeControl "180+2"]
[Date "2023.07.11"]
[WhiteClock "0:00:47"]
[BlackClock "0:00:16"]
[Board "118"]

1. e4 c5 2. Nf3 g6 3. d4 cxd4 4. Qxd4 Nf6 5. e5 Nc6 6. Qa4 Nd5 7. Qe4 Nb6 8. Nc3 Bg7 9. Bf4 d5 10. exd6 Bf5 11. Qe3 O-O 12. O-O-O exd6 13. Rxd6 Qc8 14. Bh6 Re8 15. Qd2 Bh8 16. Bb5 a6 17. Be2 Nb4 18. Rxb6 Bxc3 19. bxc3 Rxe2 20. Qxe2 Nxa2+ 21. Kb2 Qxc3+ 22. Kxa2 Qa5+ 23. Kb2 Qxb6+ 24. Kc1 Rc8 25. Re1 f6 26. c4 Qb1+ 27. Kd2 Qc2+ 28. Ke3 Re8+ 0-1


[Site "https://www.chess.com"]